 Dungeon Crawl Stone Soup version 0.27-a0-1105-g946c659c87 (webtiles) character file.

Game seed: 9919530941854084650

319 robertstho the Magician (level 6, -7/40 HPs)
             Began as a Djinni Fire Elementalist on Apr 30, 2021.
             Shot with an arrow by a centaur (10 damage)
             ... on level 2 of the Dungeon.
             The game lasted 00:04:06 (3054 turns).

robertstho the Magician (Djinni Fire Elementalist)  Turns: 3054, Time: 00:04:06

Health: -7/40      AC:  2    Str:  7    XL:     6   Next: 46%
Gold:   53         EV: 12    Int: 18    God:
                   SH:  0    Dex: 14

rFire    + + .     SeeInvis .   c - +0 dagger
rCold    x . .     Faith    .   (no shield)
rNeg     . . .     Spirit   .   a - +0 robe
rPois    ∞         Reflect  .   (no helmet)
rElec    .         Harm     .   (no cloak)
rCorr    .         Rampage  .   (no gloves)
Will     .....                  (boots unavailable)
Stlth    ++........             (no amulet)
HPRegen  0.13/turn              (no ring)
MPRegen  0.00/turn              (no ring)

@: flying, very slightly contaminated
A: fire resistance 2, cold vulnerability 1, float, innate caster, hp casting,
extra vitality 1
a: no special abilities


You were on level 2 of the Dungeon.
You visited 1 branch of the dungeon, and saw 2 of its levels.

You collected 53 gold pieces.

Inventory:

Hand Weapons
 c - a +0 dagger (weapon)
Armour
 a - a +0 robe (worn)
Scrolls
 b - a scroll of enchant armour {unknown}


   Skills:
 + Level 0.2 Fighting
 + Level 2.6 Dodging
 + Level 3.0 Stealth
 + Level 5.2 Spellcasting


You couldn't memorise any spells.
You knew the following spells:

 Your Spells              Type           Power      Damage    Failure   Level
a - Foxfire               Conj/Fire      92%        2x1d8     1%          1
b - Conjure Flame         Conj/Fire      23%        6-21      4%          3
c - Inner Flame           Hex/Fire       23%        N/A       4%          3
d - Sticky Flame          Conj/Fire      23%        2d4       14%         4
e - Fireball              Conj/Fire      11%        3d7       38%         5
f - Summon Small Mammal   Summ           92%        N/A       1%          1
g - Passwall              Tmut/Erth      19%        N/A       2%          2
Your spell library was empty.

Dungeon Overview and Level Annotations

Branches:
Dungeon (2/15)

Altars:


Innate Abilities, Weirdness & Mutations

You are immune to poison.
Your flesh is very heat resistant. (rF++)
You are vulnerable to cold. (rC-)
You float through the air rather than walking.
You learn spells naturally, not from books.
Your magical power is your life essence.
You have superior vitality. (+4 HP)


Message History

Unknown command.
Casting: Foxfire (safe; 1% risk of failure)
Press: ? - help, Q - select action, (/) - cycle Dir - look around, f - activate You conjure some foxfire!
The foxfire hits the quokka.
You kill the quokka!
Unknown command.
Your foxfire dissipates!
Your foxfire dissipates! x3
Your foxfire dissipates!
You reach down and open the door.
The centaur shouts!
The centaur wields a +0 shortbow.
The centaur shoots an arrow.
The arrow barely misses you.
Casting: Foxfire (safe; 1% risk of failure)
Press: ? - help, Q - select action, (/) - cycle Dir - look around, f - activate You miscast Foxfire.
You are very lightly contaminated with residual magic.
Nothing appears to happen.
The centaur shoots an arrow.
The arrow barely misses you.
Casting: Foxfire (safe; 1% risk of failure)
Press: ? - help, Q - select action, (/) - cycle Dir - look around, f - activate You miscast Foxfire.
Nothing appears to happen.
The centaur shoots an arrow.
The arrow hits you!
The centaur shoots an arrow.
The arrow hits you!
* * * LOW HITPOINT WARNING * * *
Casting: Foxfire (safe; 1% risk of failure)
Press: ? - help, Q - select action, (/) - cycle Dir - look around, f - activate You conjure some foxfire!
* * * LOW HITPOINT WARNING * * *
The centaur shoots an arrow.
The arrow hits you!
* * * LOW HITPOINT WARNING * * *
Unknown command.
Your foxfire dissipates!
You reach down and close the door.
A centaur opens the door.
There is a stone staircase leading up here.
The centaur shoots an arrow.
The arrow closely misses you.
The centaur shoots an arrow.
The arrow hits you!
You die...

.......#######.#.#
####)..# ...
####...#### #.#
..........# #.#
..........# #.#
..........######c###
####...###........†#
#...# #.........#
#...# #......@..#
######## #.........#
..# #.........# ..#
#.........# ..#
#.........# ..#
#.........# ..#
#.........# ..#
..........# ..#


You could see a centaur.

Vanquished Creatures
  Sigmund (D:2)
  3 adders (D:2)
  8 gnolls
  A worm (D:2)
  4 bats (D:1)
  2 endoplasms (D:2)
  2 giant cockroaches (D:2)
  5 goblins
  4 hobgoblins (D:1)
  5 jackals (D:2)
  5 quokkas
  6 ball pythons
  2 frilled lizards (D:2)
  2 kobolds
  4 rats (D:1)
54 creatures vanquished.

Vanquished Creatures (others)
  260 foxfires
260 creatures vanquished.

Grand Total: 314 creatures vanquished

Notes
Turn   | Place    | Note
-------+----------+-------------------------------------------
     0 | D:1      | robertstho the Djinni Fire Elementalist began the quest for
                  | the Orb.
     0 | D:1      | Reached XP level 1. HP: 15/15 MP: 0/0
   174 | D:1      | Reached skill level 3 in Spellcasting
   174 | D:1      | Reached XP level 2. HP: 12/21 MP: 0/0
   623 | D:1      | Reached XP level 3. HP: 15/25 MP: 0/0
   623 | D:1      | Learned a level 1 spell: Summon Small Mammal
   750 | D:1      | Found a faded altar of an unknown god.
  1637 | D:2      | Reached XP level 4. HP: 24/31 MP: 0/0
  1642 | D:2      | Reached skill level 4 in Spellcasting
  2296 | D:2      | Reached XP level 5. HP: 32/35 MP: 0/0
  2296 | D:2      | Learned a level 2 spell: Passwall
  2847 | D:2      | Noticed Sigmund
  2858 | D:2      | Killed Sigmund
  2859 | D:2      | Reached skill level 5 in Spellcasting
  2859 | D:2      | Reached XP level 6. HP: 22/40 MP: 0/0
  3054 | D:2      | Shot with an arrow by a centaur

Illustrated notes

Levels and vault maps discovered:
D:1:      dpeg_arrival_boxorama, layout_basic, basic_ecumenical_altar
D:2:      layout_basic, kennysheep_generic_room_7, uniq_sigmund

Skill      XL: |  1  2  3  4  5 |
---------------+----------------+-----
Spellcasting   | 3 4 5 |  5.2
Stealth        | 2 3 |  3.0
Fighting       | |  0.2
Dodging        | |  2.6

Action                   |  1- 3 |  4- 6 || total
-------------------------+-------+-------++-------
Melee: Unarmed           |     1 |       ||     1
 Cast: Foxfire           |    69 |    85 ||   154
  Use: Scroll            |       |     1 ||     1
       Potion            |       |     1 ||     1
Armor: Robe              |       |     1 ||     1
Dodge: Dodged            |     5 |    12 ||    17

Table legend: (Time is in decaauts)
 A = Elapsed time spent in this place.
 B = Non-inter-level travel time spent in this place.
 C = Inter-level travel time spent in this place.
 D = Time resting spent in this place.
 E = Time spent auto-exploring this place.
 F = Levels seen in this place.
 G = Mean time per level.
                   A        B        C        D        E       F      G
               +--------+--------+--------+--------+--------+-----+--------+
         Total |   3054 |   2989 |     65 |    207 |   2450 |   2 | 1527.0 |
       Dungeon |   3054 |   2989 |     65 |    207 |   2450 |   2 | 1527.0 |
               +--------+--------+--------+--------+--------+-----+--------+

Top non-repeatable levels by time:
     D:1: 1661 daAuts
     D:2: 1393 daAuts
